 Dungeon Crawl Stone Soup version 0.19.0-16-g73b5abf (webtiles) character file.

126 Jerry the Charmwright (level 4, -3/29 HPs)
             Began as a High Elf Skald on Nov 11, 2016.
             Was an Initiate of Ashenzari.
             Slain by a mummy (18 damage)
             ... in an ossuary.
             The game lasted 00:14:03 (4334 turns).

Jerry the Charmwright (High Elf Skald)              Turns: 4334, Time: 00:14:03

Health: -3/29      AC:  5    Str: 11    XL:     4   Next: 84%
Magic:  6/8        EV: 12    Int: 20    God:    Ashenzari [......]
Gold:   167        SH:  0    Dex: 15    Spells: 2 memorised, 3 levels left

rFire  + . .     SeeInvis .     a - +0 falchion
rCold  . . .     Gourm    .     b - +0 leather armour
rNeg   . . .     Faith    .     (no shield)
rPois  .         Spirit   .     (no helmet)
rElec  .         Reflect  .     t - +0 cloak
rCorr  .         Harm     .     l - +0 pair of gloves
MR     .....                    (no boots)
Stlth  +.........               (no amulet)
                                k - +4 ring of intelligence
                                i - ring of protection from fire

@: infused
A: no striking features
a: Curse Item, Renounce Religion


You were in an ossuary.
You worshipped Ashenzari.
Ashenzari was noncommittal.
You were not hungry.

You visited 2 branches of the dungeon, and saw 6 of its levels.
You also visited: Ossuary.

You collected 167 gold pieces.

Inventory:

Hand Weapons
 a - a +0 falchion (weapon)
Armour
 b - a +0 leather armour (worn)
 l - a +0 pair of gloves (worn)
 t - a +0 cloak (worn)
 v - a +0 ring mail
Jewellery
 i - a ring of protection from fire (left hand)
 k - a +4 ring of intelligence (right hand)
 q - an uncursed amulet of harm
Scrolls
 f - a scroll of fog {unknown}
 g - a scroll of magic mapping
 j - 2 scrolls of remove curse
 m - a scroll of teleportation {unknown}
 r - 3 scrolls of identify {unknown}
 s - a scroll of enchant weapon {unknown}
 u - a scroll of fear {unknown}
 w - a scroll of enchant armour {unknown}
Potions
 e - 2 potions of might {unknown}
 h - a potion of curing {unknown}
 n - a potion of lignification {unknown}
 o - a potion of flight {unknown}
Books
 c - a book of Battle

   Spells                             Type                      Level
   a - Infusion                       Charms                       1
   b - Shroud of Golubria             Charms/Translocation         2
   c - Song of Slaying                Charms                       2
   d - Spectral Weapon                Hexes/Charms                 3
   e - Regeneration                   Charms/Necromancy            3
Comestibles
 d - 3 bread rations
 p - a royal jelly


   Skills:
 - Level 2.0 Fighting
 + Level 3.6 Long Blades
 + Level 2.2 Armour
 + Level 2.5 Dodging
 + Level 2.4 Spellcasting
 + Level 4.3 Charms
 - Level 1.0 Necromancy


You had 3 spell levels left.
You knew the following spells:

 Your Spells              Type           Power        Failure   Level  Hunger
a - Infusion              Chrm           ###.         4%          1    #......
b - Regeneration          Chrm/Necr      ##........   21%         3    ###....


Dungeon Overview and Level Annotations

Branches:
Dungeon (5/15)             Temple (1/1) D:4

Altars:
Ashenzari
Cheibriados
Fedhas
Gozag
Hepliaklqana
Kikubaaqudgha
Makhleb
Nemelex Xobeh
Okawaru
Qazlal
Ru
Sif Muna
Trog
Uskayaw
Vehumet
Xom
Zin
The Shining One

Shops:
D:4 :=?


Message History

The world spins around you as you enter the gateway.
You enter an ossuary!
Found a gate leading back out of this place.
There is an empty arch of ancient stone here.
You open the door.
A mummy opens the door.
A hound zombie comes into view.
You barely miss the mummy. The mummy hits you!
Ouch! That really hurt!
A mummy comes into view.
You hit the mummy.
The mummy is moderately damaged.
Casting: Infusion
Confirm with . or Enter, or press ? or * to list all spells.
You begin infusing your attacks with magical energy.
The mummy moves out of view.
The mummy hits you but does no damage.
You hit the mummy.
The mummy is moderately damaged.
The mummy hits you!!
Ouch! That really hurt!
You die...

≈ ##
≈.# M#
≈.#+#'#
..Z.
##M##
#..@#
#.∩.#
#∩..#
#####


You could see a mummy and a hound zombie.

Vanquished Creatures
  6 adders (D:3)
  3 worms
  2 dart slugs
  4 ball pythons
  8 bats
  3 giant cockroaches
  5 goblins
  5 hobgoblins
  4 quokkas
  8 frilled lizards
  5 kobolds
  A leopard gecko skeleton (D:4)
  13 rats
67 creatures vanquished.

Vanquished Creatures (others)
  A withered plant (Ossuary)
1 creature vanquished.

Grand Total: 68 creatures vanquished

Notes
Turn   | Place    | Note
-------+----------+-------------------------------------------
     0 | D:1      | Jerry the High Elf Skald began the quest for the Orb.
     0 | D:1      | Reached XP level 1. HP: 14/14 MP: 4/4
   135 | D:1      | Reached skill level 1 in Armour
   670 | D:1      | Reached XP level 2. HP: 19/19 MP: 6/6
   759 | D:1      | Reached skill level 4 in Charms
  1655 | D:2      | Reached XP level 3. HP: 24/24 MP: 7/7
  2233 | D:2      | Learned a level 3 spell: Regeneration
  2613 | D:3      | Reached XP level 4. HP: 27/29 MP: 4/8
  3600 | D:4      | Found a staircase to the Ecumenical Temple.
  3657 | Temple   | Entered the Ecumenical Temple
  3881 | Temple   | Became a worshipper of Ashenzari the Shackled
  3990 | D:4      | Found Leleh's Magic Scroll Boutique.
  3990 | D:4      | Found Luef's Jewellery Shoppe.
  4028 | D:4      | Reached skill level 1 in Necromancy
  4067 | D:4      | Found Utuem's Book Boutique.
  4272 | D:5      | Entered Level 5 of the Dungeon
  4310 | D:5      | Found a sand-covered staircase.
  4321 | Ossuary  | Entered an ossuary
  4334 | Ossuary  | Slain by a mummy

Skill      XL: |  1  2  3  4 |
---------------+-------------+-----
Armour         | 1 2 |  2.2
Charms         | 4 |  4.3
Long Blades    | 3 |  3.6
Dodging        | 2 |  2.5
Necromancy     | 1 |  1.0
Fighting       | |  2.0
Spellcasting   | |  2.4

Action                   |  1- 3 |  4- 6 || total
-------------------------+-------+-------++-------
Melee: Falchion          |   138 |    88 ||   226
 Cast: Infusion          |     4 |     4 ||     8
  Use: Scroll            |       |     4 ||     4
  Eat: Chunk             |     6 |     3 ||     9
       Bread ration      |       |     1 ||     1
Armor: Leather armour    |    46 |    21 ||    67
Dodge: Dodged            |    88 |    60 ||   148
       Rpst.: Falchion   |    27 |    16 ||    43
